Map: Alcyone LE

Players

DKZJieShi (Jieshi)

  • Race: Protoss Protoss
  • Spawn Location: 7:00

DRG - Winner!

  • Race: Zerg Zerg
  • Spawn Location: 1:00

Event: IEM Katowice 2024

VOD

Have the link to the VOD?

Description

Time

  • Played on: Dec. 5, 2023, 4:57 a.m.
  • Length: 8:12

All games in this series

Show
View Real Time Build Order
Export as new Build Order

DKZJieShi Protoss 

Build Orders: 1 Gate Expand, Zealot Archon, Dark Templar Rush 

Get SALT Encoding   

  12  0:00  Probe  
  13  0:12  Probe  
  14  0:20  Pylon  
  14  0:25  Probe (Chrono Boost)  
  15  0:39  Probe (Chrono Boost)  
  15  0:40  Gateway  
  16  0:46  Probe (Chrono Boost)  
  17  0:50  Assimilator  
  17  0:53  Probe  
  18  1:05  Probe  
  19  1:17  Probe  
  20  1:27  Forge  
  20  1:35  Nexus  
  20  1:43  Pylon  
  20  1:45  Probe  
  21  1:58  Cybernetics Core  
  21  2:08  Pylon  
  21  2:09  Probe  
  21  2:14  Pylon  
  22  2:26  Photon Cannon  
  22  2:28  Photon Cannon  
  22  2:33  Probe, Adept (Chrono Boost)  
  25  2:37  Warp Gate  
  25  2:41  Pylon  
  25  2:43  Assimilator  
  25  2:47  Probe (Chrono Boost)  
  25  2:50  Probe (Chrono Boost)  
  27  2:53  Twilight Council  
  27  2:56  Probe (Chrono Boost)  
  29  2:59  Probe (Chrono Boost)  
  29  3:02  Stalker (Chrono Boost)  
  29  3:03  Probe  
  32  3:10  Probe  
  33  3:13  Pylon  
  33  3:15  Probe  
  34  3:22  Probe  
  35  3:27  Probe  
  35  3:33  Dark Shrine  
  37  3:34  Probe (Chrono Boost)  
  38  3:45  Probe (Chrono Boost)  
  38  3:46  Gateway, Probe (Chrono Boost)  
  39  3:51  Probe (Chrono Boost)  
  39  3:53  Probe (Chrono Boost)  
  41  4:00  Probe  
  42  4:04  Probe  
  42  4:09  Nexus  
  43  4:12  Pylon  
  43  4:13  Probe  
  43  4:16  Probe  
  45  4:26  Probe  
  45  4:28  Probe  
  45  4:32  Gateway  
  45  4:33  Assimilator  
  45  4:34  Adept  
  45  4:35  Assimilator  
  47  4:43  Adept  
  47  4:44  Pylon  
  49  4:47  Protoss Ground Weapons Level 1  
  49  4:49  Probe x2  
  51  4:53  Robotics Facility  
  51  4:55  Dark Templar  
  51  4:58  Pylon  
  53  5:01  Probe x2  
  55  5:07  Dark Templar  
  55  5:14  Probe x2  
  58  5:17  Charge (Chrono Boost)  
  58  5:19  Gateway  
  58  5:21  Gateway  
  56  5:27  Gateway  
  56  5:28  Gateway  
  56  5:29  Dark Templar  
  56  5:32  Gateway  
  58  5:41  Immortal (Chrono Boost)  
  54  5:45  Shield Battery  
  58  6:01  Pylon  
  58  6:02  Sentry  
  58  6:03  Stalker x2  
  64  6:06  Photon Cannon  
  64  6:08  Pylon  
  64  6:14  Immortal (Chrono Boost)  
  68  6:21  Pylon  
  66  6:31  Robotics Bay  
  66  6:43  Warp Prism (Chrono Boost)  
  68  6:51  Pylon  
  68  7:00  Dark Templar x2  
  68  7:01  Dark Templar  
  72  7:05  Dark Templar, Zealot  
  72  7:06  Zealot x3  
  72  7:07  Pylon  
  82  7:08  Pylon  
  82  7:09  Pylon  
  82  7:10  Archon, Pylon  
  82  7:11  Archon  
  82  7:13  Observer  
  79  7:31  Stalker x3  
  79  7:36  Disruptor (Chrono Boost)  
  85  7:38  Zealot x2  
  93  7:50  Zealot  
  85  7:54  Zealot  
  85  7:55  Zealot x2  
  71  7:59  Zealot  
  71  8:04  Gateway  
  61  8:07  Gateway  
Show
View Real Time Build Order
Export as new Build Order

DRG Zerg - Winner!

Build Orders: Hatch First 

Get SALT Encoding   

  12  0:00  Drone  
  13  0:11  Overlord  
  13  0:16  Drone  
  14  0:30  Drone x2  
  14  0:34  Drone  
  17  0:51  Hatchery  
  17  0:55  Drone  
  17  0:58  Drone  
  18  1:06  Drone  
  18  1:09  Extractor  
  18  1:15  Spawning Pool  
  17  1:19  Drone  
  18  1:27  Drone  
  19  1:39  Drone  
  20  2:02  Queen  
  20  2:04  Zergling x6, Queen  
  27  2:12  Metabolic Boost  
  27  2:19  Overlord  
  27  2:23  Drone  
  28  2:39  Hatchery  
  28  2:40  Drone  
  28  2:45  Queen  
  28  2:49  Overlord  
  30  2:53  Drone  
  31  2:59  Drone x3  
  31  3:01  Drone  
  35  3:07  Zergling x2  
  35  3:10  Overlord  
  36  3:14  Drone x3  
  36  3:18  Drone x2  
  36  3:19  Drone  
  42  3:25  Queen  
  44  3:30  Overlord  
  44  3:33  Drone x2  
  44  3:34  Extractor  
  45  3:40  Overlord  
  45  3:46  Drone x6  
  51  3:51  Roach Warren  
  51  3:54  Drone  
  51  3:59  Zergling x4  
  53  4:03  Overlord  
  53  4:07  Overlord  
  53  4:11  Zergling x2  
  53  4:14  Overlord  
  53  4:16  Zergling x2  
  53  4:17  Zergling x6  
  58  4:24  Zergling x14  
  64  4:26  Lair  
  63  4:33  Overlord  
  63  4:36  Zergling x4  
  65  4:44  Spore Crawler x2  
  65  4:45  Spore Crawler  
  62  4:47  Drone x3  
  65  4:54  Drone x6  
  65  4:58  Overlord  
  71  5:03  Roach x4  
  71  5:05  Extractor  
  78  5:12  Roach x3  
  83  5:20  Overlord  
  82  5:23  Roach  
  82  5:24  Roach x6  
  95  5:30  Glial Reconstitution  
  93  5:38  Roach x2  
  90  5:43  Overseer  
  90  5:45  Drone x6  
  90  5:48  Extractor  
  95  5:53  Overlord  
  95  6:00  Roach x5  
  105  6:05  Overlord  
  105  6:06  Overlord x2  
  100  6:12  Roach x3  
  100  6:17  Roach  
  108  6:28  Roach x3  
  114  6:33  Roach  
  114  6:37  Overlord  
  116  6:40  Zergling x10  
  116  6:44  Overlord  
  121  6:51  Zergling x2  
  121  6:52  Zergling x2  
  121  6:58  Hatchery  
  121  7:01  Ravager x4  
  123  7:02  Zergling x20  
  123  7:06  Overlord  
  133  7:14  Zergling x4, Ravager  
  133  7:15  Ravager  
  137  7:20  Zergling x4  
  131  7:26  Ravager  
  131  7:27  Zergling x8  
  134  7:31  Zergling x12  
  129  7:41  Zergling x6  
  126  7:47  Roach x3  

Tags
 
Add a new tag
Caveats
  • Supply blocks, unpowered buildings, or Contaminate may cause inaccurate times.
  • Supply counts are checked every 10 seconds.